Sabres vs Kings
(R1)
Created - March 24, 2018 at 23:18
Goals
|
| Sabres |
3 |
2 |
0 |
5 |
| Kings |
2 |
1 |
1 |
4 |
|
Shots
|
| Sabres |
9 |
12 |
7 |
28 |
| Kings |
7 |
17 |
5 |
29 |
|
1st period
1. Sabres , Andrei Loktionov 32 (Ilya Kovalchuk 42) at 4:45 (PP)
2. Kings , Rostislav Olesz 12 (Greg Campbell 11, Radko Gudas 9) at 12:58
3. Sabres , Vincent Lecavalier 24 (Evander Kane 41, Kyle Okposo 26) at 14:28 (PP)
4. Sabres , Kyle Okposo 22 (Vincent Lecavalier 28) at 19:35 (PP)
5. Kings , Anze Kopitar 36 (Boris Valabik 11) at 19:47
Penalties :
Scott Gomez (LAK) for High sticking (Double Minor) at 4:41, Dave Tanabe (LAK) for Tripping (Minor) at 10:29, Rostislav Olesz (LAK) for Hooking (Minor) at 14:18, Boris Valabik (LAK) for Holding (Minor) at 17:18, Boris Valabik (LAK) for Holding Stick (Minor) at 19:31
2nd period
6. Kings , Michael Grabner 12 (Rostislav Olesz 13, Jean-Gabriel Pageau 6) at 7:28 (PP)
7. Sabres , Ilya Kovalchuk 37 (Zach Bogosian 52, Zack Kassian 18) at 18:17 (PP)
8. Sabres , Andrei Loktionov 33 (Zack Kassian 19, Kyle Okposo 27) at 19:37
Penalties :
Scott Gomez (LAK) for Roughing (Minor) at 0:19, Jared Cowen (Buf) for Roughing (Minor) at 6:19, Zach Bogosian (Buf) for Holding (Minor) at 9:14, Anze Kopitar (LAK) for Hooking (Minor) at 18:03
3rd period
9. Kings , Drew Doughty 13 (Anze Kopitar 48) at 13:15 (PP)
Penalties :
Michael Haley (LAK) for Tripping (Minor) at 5:11, Ryan O'Reilly (Buf) for Interference (Minor) at 13:13, Rob Scuderi (Buf) for Roughing (Minor) at 13:45, Steve Montador (LAK) for Holding (Minor) at 18:44
Goalie Stats
Jonas Hiller (Buf), 25 saves from 29 shots - (0.862), W, 9-3-1, 60:00 minutes
Frederik Andersen (LAK), 16 saves from 21 shots - (0.762), L, 17-20-2, 39:37 minutes
Dan Ellis (LAK), 7 saves from 7 shots - (1.000), 20:23 minutes
Players Stats for Sabres
Player Name G A P +/- PIM S H SB GA TA FO MP PP MP PK MP
------------------------------------------------------------------------------------
Andrei Loktionov 2 0 2 1 0 5 2 1 0 0 12/20 18:31 6:07 0:00
Brad Richardson 0 0 0 0 0 1 1 0 0 0 0/0 7:35 0:27 0:00
Brandon Sutter 0 0 0 -1 0 0 0 0 0 0 4/7 10:56 0:19 2:58
Darcy Hordichuk 0 0 0 0 0 2 1 0 0 0 0/0 8:24 0:25 1:05
Evander Kane 0 1 1 1 0 2 1 0 1 0 1/1 18:56 4:53 1:03
Ilya Kovalchuk 1 1 2 -1 0 1 4 1 2 0 2/4 24:05 6:24 2:58
Jakub Kindl 0 0 0 -1 0 0 1 0 0 0 0/0 14:23 1:05 2:12
Jared Cowen 0 0 0 1 2 3 0 2 0 1 0/0 21:23 4:02 1:47
Jordan Leopold 0 0 0 -1 0 0 0 0 0 0 0/0 10:51 0:00 0:00
Kyle Okposo 1 2 3 -1 0 3 1 0 0 0 3/3 19:37 5:16 0:00
Matt Martin 0 0 0 -1 0 1 2 0 0 0 0/0 10:17 0:00 1:09
Michael Kostka 0 0 0 1 0 1 1 0 0 0 0/0 24:54 6:35 3:19
Rob Scuderi 0 0 0 -1 2 1 1 0 0 0 0/0 23:52 4:34 1:36
Ryan O'Reilly 0 0 0 -1 2 2 0 1 1 0 5/21 14:32 0:00 0:00
Scottie Upshall 0 0 0 -1 0 0 0 0 0 0 1/1 8:04 0:00 0:00
Vincent Lecavalier 1 1 2 0 0 5 2 0 0 1 6/7 14:31 5:16 1:05
Zach Bogosian 0 1 1 -1 2 0 1 0 1 0 0/0 25:28 7:08 1:24
Zack Kassian 0 2 2 1 0 1 2 0 1 0 0/3 18:28 5:59 0:00
Players Stats for Kings
Player Name G A P +/- PIM S H SB GA TA FO MP PP MP PK MP
------------------------------------------------------------------------------------
Anze Kopitar 1 1 2 1 2 2 5 0 0 0 14/28 20:41 2:51 2:59
Boris Valabik 0 1 1 1 4 2 2 0 0 0 0/0 20:55 0:00 3:05
Cam Janssen 0 0 0 0 0 0 1 0 0 0 0/0 5:28 0:00 0:00
Dave Tanabe 0 0 0 0 2 1 0 2 1 0 0/0 18:30 0:00 3:12
Drew Doughty 1 0 1 0 0 3 1 1 0 0 0/0 23:39 3:45 2:21
Greg Campbell 0 1 1 0 0 0 2 1 0 0 8/16 12:01 0:00 6:48
Jean-Gabriel Pageau 0 1 1 1 0 0 3 1 0 1 2/3 13:06 2:18 0:30
Johnny Gaudreau 0 0 0 1 0 0 3 1 0 0 2/2 19:12 2:51 1:01
Michael Grabner 1 0 1 -1 0 2 3 1 0 0 1/1 15:22 2:18 0:00
Michael Haley 0 0 0 0 2 0 2 0 0 0 0/2 11:02 0:00 6:05
Nathan Paetsch 0 0 0 0 0 0 1 0 0 1 0/0 17:53 0:00 7:46
Patric Hornqvist 0 0 0 1 0 7 1 1 0 2 1/1 17:49 2:51 0:00
Peter Prucha 0 0 0 1 0 1 0 0 0 0 0/0 9:01 0:00 0:00
Radko Gudas 0 1 1 1 0 3 1 0 0 1 0/0 15:04 3:45 0:03
Rostislav Olesz 1 1 2 1 2 3 3 0 0 0 0/0 12:57 2:18 0:29
Scott Gomez 0 0 0 -1 6 1 0 0 0 0 5/14 16:24 1:24 2:05
Simon Gagné 0 0 0 -1 0 2 2 1 0 0 0/0 17:37 1:24 3:27
Steve Montador 0 0 0 0 2 2 3 1 1 1 0/0 21:28 0:00 6:57
3 Stars
1 - Andrei Loktionov (Buf)
2 - Kyle Okposo (Buf)
3 - Ilya Kovalchuk (Buf)
Power Play
Sabres - 4 on 10 Attempt(s) - 40.00%
Kings - 2 on 4 Attempt(s) - 50.00%
Penalty Kill
Sabres - 2 on 4 Attempt(s) - 50.00%
- Score 0 goal in Penalty Kill
Kings - 6 on 10 Attempt(s) - 60.00%
- Score 0 goal in Penalty Kill
Team Stat
Sabres - Hits : 20 - Faceoff Wins : 34 - Blocked Shots : 5 - Penalty Minutes : 8
Kings - Hits : 33 - Faceoff Wins : 33 - Blocked Shots : 10 - Penalty Minutes : 20
Official
Referees : LaRue Dennis and Pollock Kevin
Linesman : Brian Murphy and Shane Heyer
Game Notes
Dan Ellis enters game at 19:37 of 2nd period
Finance
Level 1 -- Attendance: 5972 (99.53%) -- Ticket Income $537,480
Level 2 -- Attendance: 3331 (66.62%) -- Ticket Income $216,515
Level 3 -- Attendance: 1608 (80.40%) -- Ticket Income $64,320
Level 4 -- Attendance: 2897 (72.43%) -- Ticket Income $86,910
Luxury Box -- Attendance: 989 (98.90%) -- Ticket Income $143,405
Game was played at the Staples Center.
Total Attendance: 14797 (82.21%)
Total Ticket Income: $1,048,630
Other Income: $157,294
Total Income: $1,205,924
Sabres
5 vs 5 Forward
Center Left Wing Right Wing Time % Phy DF OF
1 Ryan O'Reilly Ilya Kovalchuk Kyle Okposo 37 0 2 3
2 Andrei Loktionov Evander Kane Zack Kassian 32 0 2 3
3 Vincent Lecavalier Matt Martin Scottie Upshall 21 0 3 2
4 Brandon Sutter Darcy Hordichuk Brad Richardson 10 0 4 1
5 vs 5 Defense
Defense Defense Time % Phy DF OF
1 Zach Bogosian Rob Scuderi 44 0 2 3
2 Jared Cowen Michael Kostka 40 0 4 1
3 Jakub Kindl Jordan Leopold 16 0 4 1
4 Michael Kostka Jared Cowen 0 0 3 2
PowerPlay Forward
Center Left Wing Right Wing Time % Phy DF OF
1 Andrei Loktionov Ilya Kovalchuk Zack Kassian 55 0 0 5
2 Vincent Lecavalier Evander Kane Kyle Okposo 45 0 0 5
PowerPlay Defense
Defense Defense Time % Phy DF OF
1 Zach Bogosian Michael Kostka 55 1 1 3
2 Jared Cowen Rob Scuderi 45 1 1 3
Penalty Kill 4 Players Forward
Center Wing Time % Phy DF OF
1 Brandon Sutter Ilya Kovalchuk 60 0 5 0
2 Vincent Lecavalier Darcy Hordichuk 40 0 4 1
Penalty Kill 4 Players Defense
Defense Defense Time % Phy DF OF
1 Zach Bogosian Michael Kostka 60 0 5 0
2 Jared Cowen Rob Scuderi 40 0 4 1
Penalty Kill - 3 Players Forward
Forward Time % Phy DF OF
1 Brandon Sutter 60 0 5 0
2 Darcy Hordichuk 40 0 5 0
Penalty Kill - 3 Players Defense
Defense Defense Time % Phy DF OF
1 Michael Kostka Jared Cowen 60 0 5 0
2 Zach Bogosian Rob Scuderi 40 0 5 0
4 vs 4 Forward
Center Wing Time % Phy DF OF
1 Ryan O'Reilly Ilya Kovalchuk 60 1 2 2
2 Vincent Lecavalier Zack Kassian 40 1 2 2
4 vs 4 Defense
Defense Defense Time % Phy DF OF
1 Zach Bogosian Jakub Kindl 60 1 2 2
2 Michael Kostka Jared Cowen 40 1 2 2
Last Minutes Offensive
Center Left Wing Right Wing Defense Defense
Vincent Lecavalier Ilya Kovalchuk Kyle Okposo Zach Bogosian Michael Kostka
Last Minutes Defensive
Center Left Wing Right Wing Defense Defense
Brandon Sutter Ilya Kovalchuk Zack Kassian Zach Bogosian Jared Cowen
Goaltenders
Starting : Jonas Hiller
Backup : Robin Lehner
Extra Forwards
Normal : Ilya Kovalchuk, Kyle Okposo, Vincent Lecavalier - PP : Kyle Okposo, Vincent Lecavalier - PK : Matt Martin
Extra Defensemen
Normal : Zach Bogosian, Rob Scuderi, Jared Cowen - PP : Jakub Kindl - PK : Rob Scuderi, Michael Kostka
Penalty Shots
Ilya Kovalchuk, Vincent Lecavalier, Evander Kane, Darcy Hordichuk, Scottie Upshall
Scratches
Wade Redden (Healthy)
Kings
5 vs 5 Forward
Center Left Wing Right Wing Time % Phy DF OF
1 Anze Kopitar Johnny Gaudreau Patric Hornqvist 40 1 1 3
2 Scott Gomez Simon Gagné Michael Grabner 35 1 1 3
3 Jean-Gabriel Pageau Rostislav Olesz Peter Prucha 20 1 2 2
4 Greg Campbell Michael Haley Cam Janssen 5 3 2 0
5 vs 5 Defense
Defense Defense Time % Phy DF OF
1 Drew Doughty Boris Valabik 40 1 3 1
2 Steve Montador Dave Tanabe 35 1 3 1
3 Nathan Paetsch Radko Gudas 25 1 3 1
4 Drew Doughty Boris Valabik 0 1 3 1
PowerPlay Forward
Center Left Wing Right Wing Time % Phy DF OF
1 Anze Kopitar Johnny Gaudreau Patric Hornqvist 70 1 1 3
2 Jean-Gabriel Pageau Rostislav Olesz Michael Grabner 30 1 1 3
PowerPlay Defense
Defense Defense Time % Phy DF OF
1 Radko Gudas Drew Doughty 70 0 2 3
2 Scott Gomez Simon Gagné 30 0 3 2
Penalty Kill 4 Players Forward
Center Wing Time % Phy DF OF
1 Greg Campbell Michael Haley 60 1 3 1
2 Scott Gomez Simon Gagné 40 1 3 1
Penalty Kill 4 Players Defense
Defense Defense Time % Phy DF OF
1 Nathan Paetsch Steve Montador 60 1 4 0
2 Boris Valabik Dave Tanabe 40 1 4 0
Penalty Kill - 3 Players Forward
Forward Time % Phy DF OF
1 Anze Kopitar 60 1 3 1
2 Greg Campbell 40 1 3 1
Penalty Kill - 3 Players Defense
Defense Defense Time % Phy DF OF
1 Steve Montador Drew Doughty 60 1 4 0
2 Boris Valabik Dave Tanabe 40 1 4 0
4 vs 4 Forward
Center Wing Time % Phy DF OF
1 Michael Grabner Anze Kopitar 60 1 2 2
2 Johnny Gaudreau Patric Hornqvist 40 1 2 2
4 vs 4 Defense
Defense Defense Time % Phy DF OF
1 Drew Doughty Radko Gudas 60 1 2 2
2 Steve Montador Dave Tanabe 40 1 2 2
Last Minutes Offensive
Center Left Wing Right Wing Defense Defense
Anze Kopitar Johnny Gaudreau Patric Hornqvist Drew Doughty Radko Gudas
Last Minutes Defensive
Center Left Wing Right Wing Defense Defense
Anze Kopitar Simon Gagné Michael Grabner Drew Doughty Nathan Paetsch
Goaltenders
Starting : Frederik Andersen
Backup : Dan Ellis
Extra Forwards
Normal : Anze Kopitar, Johnny Gaudreau, Patric Hornqvist - PP : Peter Prucha, Greg Campbell - PK : Anze Kopitar
Extra Defensemen
Normal : Drew Doughty, Radko Gudas, Boris Valabik - PP : Nathan Paetsch - PK : Drew Doughty, Radko Gudas
Penalty Shots
Anze Kopitar, Simon Gagné, Patric Hornqvist, Peter Prucha, Michael Grabner
Scratches
None
% Time on Ice - Sabres
Lines # - Real PCT - Wanted PCT - Time Play
Normal Forward
1 - 37% - 37% - 15:58
2 - 29% - 32% - 12:41
3 - 19% - 21% - 8:04
4 - 15% - 10% - 6:26
Normal Defense
1 - 41% - 44% - 17:29
2 - 37% - 40% - 16:00
3 - 22% - 16% - 9:40
4 - 0% - 0% - 0:00
PP Forward
1 - 55% - 55% - 6:26
2 - 45% - 45% - 5:16
PP Defense
1 - 61% - 55% - 7:08
2 - 39% - 45% - 4:34
PK Forward
1 - 79% - 60% - 4:04
2 - 21% - 40% - 1:05
PK Defense
1 - 55% - 60% - 2:50
2 - 45% - 40% - 2:19
PK3 Forward
1 - 0% - 60%
2 - 0% - 40%
PK3 Defense
1 - 0% - 60%
2 - 0% - 40%
44 Forward
1 - 0% - 60%
2 - 0% - 40%
44 Defense
1 - 0% - 60%
2 - 0% - 40%
Last Minute Offensive - 0:00
Last Minute Defensive - 0:00
Total
Forward - 60:00
Defense - 60:00
|
% Time on Ice - Kings
Lines # - Real PCT - Wanted PCT - Time Play
Normal Forward
1 - 36% - 40% - 15:23
2 - 32% - 35% - 13:57
3 - 21% - 20% - 9:01
4 - 11% - 5% - 4:48
Normal Defense
1 - 41% - 40% - 17:43
2 - 36% - 35% - 15:29
3 - 23% - 25% - 9:57
4 - 0% - 0% - 0:00
PP Forward
1 - 55% - 70% - 2:51
2 - 45% - 30% - 2:18
PP Defense
1 - 73% - 70% - 3:45
2 - 27% - 30% - 1:24
PK Forward
1 - 70% - 60% - 8:13
2 - 30% - 40% - 3:29
PK Defense
1 - 66% - 60% - 7:46
2 - 34% - 40% - 3:56
PK3 Forward
1 - 0% - 60%
2 - 0% - 40%
PK3 Defense
1 - 0% - 60%
2 - 0% - 40%
44 Forward
1 - 0% - 60%
2 - 0% - 40%
44 Defense
1 - 0% - 60%
2 - 0% - 40%
Last Minute Offensive - 0:00
Last Minute Defensive - 0:00
Total
Forward - 60:00
Defense - 60:00
|
Play by Play
1st period
0:01 of 1st period - Ryan O'Reilly wins face-off versus Anze Kopitar in neutral zone.
0:36 of 1st period - Wrist shot by Andrei Loktionov.
0:36 of 1st period - Shot Misses the Net.
0:52 of 1st period - Jared Cowen is hit by Rostislav Olesz and loses puck.
1:51 of 1st period - Snap shot by Evander Kane.
1:51 of 1st period - Shot Misses the Net.
2:36 of 1st period - Anze Kopitar is hit by Brad Richardson and loses puck.
3:18 of 1st period - Snap shot by Andrei Loktionov.
3:18 of 1st period - Shot Misses the Net.
3:48 of 1st period - Drew Doughty is hit by Matt Martin and loses puck.
4:41 of 1st period - Double Minor Penalty to Scott Gomez for High sticking.
4:42 of 1st period - Andrei Loktionov wins face-off versus Greg Campbell in Kings zone.
4:45 of 1st period - Snap shot by Andrei Loktionov.
4:45 of 1st period - Goal by Andrei Loktionov - Sabres : 1 - Kings : 0.
4:46 of 1st period - Andrei Loktionov wins face-off versus Greg Campbell in neutral zone.
5:11 of 1st period - Vincent Lecavalier is hit by Nathan Paetsch and loses puck.
5:22 of 1st period - Snap shot by Simon Gagné.
5:22 of 1st period - Stopped by Jonas Hiller without a rebound.
5:23 of 1st period - Greg Campbell wins face-off versus Andrei Loktionov in Sabres zone.
5:36 of 1st period - Slapshot by Andrei Loktionov.
5:36 of 1st period - Deflect By Ilya Kovalchuk.
5:36 of 1st period - Shot Misses the Net.
5:36 of 1st period - Puck is out of play.
5:37 of 1st period - Greg Campbell wins face-off versus Zack Kassian in Kings zone.
5:44 of 1st period - Slapshot by Steve Montador.
5:44 of 1st period - Stopped by Jonas Hiller without a rebound.
5:45 of 1st period - Andrei Loktionov wins face-off versus Michael Haley in Sabres zone.
5:52 of 1st period - Greg Campbell is hit by Ilya Kovalchuk and loses puck.
6:02 of 1st period - Off-side.
6:03 of 1st period - Vincent Lecavalier wins face-off versus Greg Campbell in neutral zone.
6:06 of 1st period - Greg Campbell is hit by Evander Kane and loses puck.
6:11 of 1st period - Wrist shot by Evander Kane.
6:11 of 1st period - Shot Blocked by Steve Montador.
6:13 of 1st period - Snap shot by Evander Kane.
6:13 of 1st period - Shot Misses the Net.
6:15 of 1st period - Slapshot by Rob Scuderi.
6:15 of 1st period - Deflect By Evander Kane.
6:15 of 1st period - Shot Misses the Net.
6:15 of 1st period - Puck is out of play.
6:16 of 1st period - Greg Campbell wins face-off versus Andrei Loktionov in Kings zone.
6:16 of 1st period - Greg Campbell is hit by Zack Kassian.
6:45 of 1st period - Penalty to Scott Gomez is over, Scott Gomez is back on ice.
6:46 of 1st period - Snap shot by Vincent Lecavalier.
6:46 of 1st period - Shot Blocked by Greg Campbell.
6:48 of 1st period - Slapshot by Jared Cowen.
6:48 of 1st period - Stopped by Frederik Andersen without a rebound.
6:49 of 1st period - Anze Kopitar wins face-off versus Ilya Kovalchuk in Kings zone.
7:03 of 1st period - Wrist shot by Patric Hornqvist.
7:03 of 1st period - Shot Blocked by Jared Cowen.
7:05 of 1st period - Slapshot by Drew Doughty.
7:05 of 1st period - Shot Blocked by Ryan O'Reilly.
7:56 of 1st period - Slapshot by Darcy Hordichuk.
7:56 of 1st period - Stopped by Frederik Andersen with a rebound.
9:17 of 1st period - Ilya Kovalchuk is hit by Greg Campbell and loses puck.
9:48 of 1st period - Snap shot by Andrei Loktionov.
9:48 of 1st period - Stopped by Frederik Andersen with a rebound.
10:05 of 1st period - Wrist shot by Brad Richardson.
10:05 of 1st period - Shot Misses the Net.
10:07 of 1st period - Wrist shot by Brad Richardson.
10:07 of 1st period - Stopped by Frederik Andersen without a rebound.
10:08 of 1st period - Anze Kopitar wins face-off versus Ryan O'Reilly in Kings zone.
10:13 of 1st period - Snap shot by Patric Hornqvist.
10:13 of 1st period - Stopped by Jonas Hiller with a rebound.
10:15 of 1st period - Snap shot by Anze Kopitar.
10:15 of 1st period - Shot Misses the Net.
10:29 of 1st period - Minor Penalty to Dave Tanabe for Tripping.
10:30 of 1st period - Andrei Loktionov wins face-off versus Greg Campbell in Kings zone.
12:29 of 1st period - Penalty to Dave Tanabe is over, Dave Tanabe is back on ice.
12:41 of 1st period - Boris Valabik is hit by Rob Scuderi and loses puck.
12:58 of 1st period - Wrist shot by Rostislav Olesz.
12:58 of 1st period - Goal by Rostislav Olesz - Sabres : 1 - Kings : 1.
12:59 of 1st period - Scott Gomez wins face-off versus Zack Kassian in neutral zone.
13:41 of 1st period - Jean-Gabriel Pageau is hit by Andrei Loktionov and loses puck.
13:56 of 1st period - Icing by Dave Tanabe.
13:57 of 1st period - Jean-Gabriel Pageau wins face-off versus Ryan O'Reilly in Kings zone.
14:18 of 1st period - Minor Penalty to Rostislav Olesz for Hooking.
14:19 of 1st period - Greg Campbell wins face-off versus Vincent Lecavalier in Kings zone.
14:28 of 1st period - Snap shot by Vincent Lecavalier.
14:28 of 1st period - Goal by Vincent Lecavalier - Sabres : 2 - Kings : 1.
14:29 of 1st period - Anze Kopitar wins face-off versus Ryan O'Reilly in neutral zone.
14:36 of 1st period - Slapshot by Ryan O'Reilly.
14:36 of 1st period - Stopped by Frederik Andersen without a rebound.
14:37 of 1st period - Ryan O'Reilly wins face-off versus Anze Kopitar in Kings zone.
14:52 of 1st period - Snap shot by Kyle Okposo.
14:52 of 1st period - Stopped by Frederik Andersen with a rebound.
15:10 of 1st period - Snap shot by Simon Gagné.
15:10 of 1st period - Stopped by Jonas Hiller with a rebound.
15:12 of 1st period - Slapshot by Drew Doughty.
15:12 of 1st period - Deflect By Evander Kane.
15:12 of 1st period - Stopped by Jonas Hiller with a rebound.
15:28 of 1st period - Snap shot by Vincent Lecavalier.
15:28 of 1st period - Shot Misses the Net.
15:52 of 1st period - Snap shot by Anze Kopitar.
15:52 of 1st period - Shot Misses the Net.
15:54 of 1st period - Slapshot by Radko Gudas.
15:54 of 1st period - Shot Misses the Net.
16:58 of 1st period - Jared Cowen is hit by Jean-Gabriel Pageau and loses puck.
17:18 of 1st period - Minor Penalty to Boris Valabik for Holding.
17:19 of 1st period - Kyle Okposo wins face-off versus Michael Haley in Kings zone.
18:54 of 1st period - Steve Montador is hit by Zach Bogosian and loses puck.
19:18 of 1st period - Penalty to Boris Valabik is over, Boris Valabik is back on ice.
19:29 of 1st period - Snap shot by Brad Richardson.
19:29 of 1st period - Shot Misses the Net.
19:31 of 1st period - Minor Penalty to Boris Valabik for Holding Stick.
19:32 of 1st period - Vincent Lecavalier wins face-off versus Greg Campbell in Kings zone.
19:35 of 1st period - Wrist shot by Kyle Okposo.
19:35 of 1st period - Goal by Kyle Okposo - Sabres : 3 - Kings : 1.
19:36 of 1st period - Anze Kopitar wins face-off versus Ryan O'Reilly in neutral zone.
19:47 of 1st period - Wrist shot by Anze Kopitar.
19:47 of 1st period - Goal by Anze Kopitar - Sabres : 3 - Kings : 2.
19:48 of 1st period - Michael Grabner wins face-off versus Ryan O'Reilly in neutral zone.
Goals for this period are 3 for Sabres vs 2 for Kings.
Shots for this period are 9 for Sabres vs 7 for Kings.
2nd period
0:01 of 2nd period - Ryan O'Reilly wins face-off versus Anze Kopitar in neutral zone.
0:12 of 2nd period - Snap shot by Ryan O'Reilly.
0:12 of 2nd period - Stopped by Frederik Andersen with a rebound.
0:14 of 2nd period - Slapshot by Zach Bogosian.
0:14 of 2nd period - Shot Blocked by Johnny Gaudreau.
0:16 of 2nd period - Wrist shot by Ilya Kovalchuk.
0:16 of 2nd period - Deflect By Ryan O'Reilly.
0:16 of 2nd period - Shot Blocked by Patric Hornqvist.
0:16 of 2nd period - Puck is out of play.
0:17 of 2nd period - Scott Gomez wins face-off versus Andrei Loktionov in Kings zone.
0:19 of 2nd period - Minor Penalty to Scott Gomez for Roughing.
0:20 of 2nd period - Greg Campbell wins face-off versus Andrei Loktionov in Kings zone.
0:27 of 2nd period - Off-side.
0:28 of 2nd period - Ilya Kovalchuk wins face-off versus Greg Campbell in neutral zone.
1:13 of 2nd period - Wrist shot by Simon Gagné.
1:13 of 2nd period - Shot Misses the Net.
1:55 of 2nd period - Jared Cowen is hit by Steve Montador and loses puck.
2:19 of 2nd period - Penalty to Scott Gomez is over, Scott Gomez is back on ice.
2:37 of 2nd period - Snap shot by Rostislav Olesz.
2:37 of 2nd period - Shot Misses the Net.
3:11 of 2nd period - Ilya Kovalchuk is hit by Steve Montador and loses puck.
3:46 of 2nd period - Zack Kassian is hit by Michael Haley and loses puck.
4:07 of 2nd period - Jean-Gabriel Pageau is hit by Ilya Kovalchuk and loses puck.
4:20 of 2nd period - Zack Kassian is hit by Simon Gagné and loses puck.
4:49 of 2nd period - Brandon Sutter is hit by Cam Janssen.
5:12 of 2nd period - Kyle Okposo is hit by Michael Grabner and loses puck.
5:23 of 2nd period - Ryan O'Reilly is hit by Radko Gudas.
5:37 of 2nd period - Jakub Kindl is hit by Rostislav Olesz.
5:41 of 2nd period - Rostislav Olesz is hit by Matt Martin and loses puck.
5:56 of 2nd period - Scott Gomez is hit by Andrei Loktionov and loses puck.
6:03 of 2nd period - Boris Valabik is hit by Zack Kassian and loses puck.
6:09 of 2nd period - Icing by Drew Doughty.
6:10 of 2nd period - Scott Gomez wins face-off versus Ryan O'Reilly in Kings zone.
6:10 of 2nd period - Scott Gomez is hit by Kyle Okposo.
6:19 of 2nd period - Minor Penalty to Jared Cowen for Roughing.
6:20 of 2nd period - Brandon Sutter wins face-off versus Anze Kopitar in Sabres zone.
7:26 of 2nd period - Snap shot by Michael Grabner.
7:26 of 2nd period - Stopped by Jonas Hiller with a rebound.
7:28 of 2nd period - Wrist shot by Michael Grabner.
7:28 of 2nd period - Goal by Michael Grabner - Sabres : 3 - Kings : 3.
7:29 of 2nd period - Andrei Loktionov wins face-off versus Scott Gomez in neutral zone.
7:29 of 2nd period - Andrei Loktionov is hit by Boris Valabik.
7:33 of 2nd period - Slapshot by Rob Scuderi.
7:33 of 2nd period - Stopped by Frederik Andersen with a rebound.
7:39 of 2nd period - Slapshot by Boris Valabik.
7:39 of 2nd period - Shot Blocked by Andrei Loktionov.
8:39 of 2nd period - Off-side.
8:40 of 2nd period - Anze Kopitar wins face-off versus Ryan O'Reilly in neutral zone.
8:50 of 2nd period - Icing by Zach Bogosian.
8:51 of 2nd period - Kyle Okposo wins face-off versus Anze Kopitar in Sabres zone.
8:58 of 2nd period - Snap shot by Johnny Gaudreau.
8:58 of 2nd period - Shot Misses the Net.
9:06 of 2nd period - Snap shot by Patric Hornqvist.
9:06 of 2nd period - Stopped by Jonas Hiller with a rebound.
9:08 of 2nd period - Wrist shot by Patric Hornqvist.
9:08 of 2nd period - Stopped by Jonas Hiller with a rebound.
9:14 of 2nd period - Minor Penalty to Zach Bogosian for Holding.
9:15 of 2nd period - Brandon Sutter wins face-off versus Anze Kopitar in Sabres zone.
9:51 of 2nd period - Off-side.
9:52 of 2nd period - Vincent Lecavalier wins face-off versus Anze Kopitar in neutral zone.
10:13 of 2nd period - Michael Kostka is hit by Anze Kopitar and loses puck.
10:28 of 2nd period - Darcy Hordichuk is hit by Jean-Gabriel Pageau.
11:14 of 2nd period - Penalty to Zach Bogosian is over, Zach Bogosian is back on ice.
11:14 of 2nd period - Slapshot by Drew Doughty.
11:14 of 2nd period - Stopped by Jonas Hiller with a rebound.
11:16 of 2nd period - Slapshot by Radko Gudas.
11:16 of 2nd period - Stopped by Jonas Hiller without a rebound.
11:17 of 2nd period - Jean-Gabriel Pageau wins face-off versus Andrei Loktionov in Sabres zone.
11:22 of 2nd period - Snap shot by Rostislav Olesz.
11:22 of 2nd period - Shot Misses the Net.
11:42 of 2nd period - Scottie Upshall is hit by Simon Gagné and loses puck.
11:50 of 2nd period - Icing by Scottie Upshall.
11:51 of 2nd period - Scottie Upshall wins face-off versus Scott Gomez in Sabres zone.
12:50 of 2nd period - Slapshot by Evander Kane.
12:50 of 2nd period - Stopped by Frederik Andersen without a rebound.
12:51 of 2nd period - Scott Gomez wins face-off versus Zack Kassian in Kings zone.
12:56 of 2nd period - Zack Kassian is hit by Michael Grabner.
13:16 of 2nd period - Jared Cowen is hit by Patric Hornqvist and loses puck.
13:46 of 2nd period - Slapshot by Peter Prucha.
13:46 of 2nd period - Stopped by Jonas Hiller without a rebound.
13:47 of 2nd period - Anze Kopitar wins face-off versus Ryan O'Reilly in Sabres zone.
13:50 of 2nd period - Snap shot by Anze Kopitar.
13:50 of 2nd period - Shot Misses the Net.
13:52 of 2nd period - Slapshot by Boris Valabik.
13:52 of 2nd period - Shot Misses the Net.
13:54 of 2nd period - Wrist shot by Patric Hornqvist.
13:54 of 2nd period - Stopped by Jonas Hiller with a rebound.
13:56 of 2nd period - Slapshot by Drew Doughty.
13:56 of 2nd period - Shot Misses the Net.
14:00 of 2nd period - Snap shot by Patric Hornqvist.
14:00 of 2nd period - Stopped by Jonas Hiller without a rebound.
14:01 of 2nd period - Andrei Loktionov wins face-off versus Anze Kopitar in Sabres zone.
14:01 of 2nd period - Andrei Loktionov is hit by Johnny Gaudreau.
14:55 of 2nd period - Slapshot by Zach Bogosian.
14:55 of 2nd period - Deflect By Vincent Lecavalier.
14:55 of 2nd period - Stopped by Frederik Andersen with a rebound.
15:08 of 2nd period - Off-side.
15:09 of 2nd period - Greg Campbell wins face-off versus Brandon Sutter in neutral zone.
15:24 of 2nd period - Wrist shot by Greg Campbell.
15:24 of 2nd period - Shot Blocked by Jared Cowen.
15:34 of 2nd period - Ilya Kovalchuk is hit by Anze Kopitar and loses puck.
15:43 of 2nd period - Wrist shot by Kyle Okposo.
15:43 of 2nd period - Stopped by Frederik Andersen with a rebound.
15:57 of 2nd period - Snap shot by Simon Gagné.
15:57 of 2nd period - Shot Misses the Net.
15:59 of 2nd period - Slapshot by Radko Gudas.
15:59 of 2nd period - Stopped by Jonas Hiller with a rebound.
16:01 of 2nd period - Slapshot by Radko Gudas.
16:01 of 2nd period - Stopped by Jonas Hiller without a rebound.
16:02 of 2nd period - Andrei Loktionov wins face-off versus Scott Gomez in Sabres zone.
16:14 of 2nd period - Off-side.
16:15 of 2nd period - Anze Kopitar wins face-off versus Ryan O'Reilly in neutral zone.
16:18 of 2nd period - Slapshot by Boris Valabik.
16:18 of 2nd period - Stopped by Jonas Hiller without a rebound.
16:19 of 2nd period - Anze Kopitar wins face-off versus Ryan O'Reilly in Sabres zone.
16:24 of 2nd period - Slapshot by Anze Kopitar.
16:24 of 2nd period - Shot Misses the Net.
16:26 of 2nd period - Snap shot by Boris Valabik.
16:26 of 2nd period - Stopped by Jonas Hiller with a rebound.
16:28 of 2nd period - Snap shot by Anze Kopitar.
16:28 of 2nd period - Stopped by Jonas Hiller without a rebound.
16:29 of 2nd period - Ryan O'Reilly wins face-off versus Anze Kopitar in Sabres zone.
16:29 of 2nd period - Ryan O'Reilly is hit by Anze Kopitar.
16:35 of 2nd period - Slapshot by Michael Kostka.
16:35 of 2nd period - Stopped by Frederik Andersen without a rebound.
16:36 of 2nd period - Johnny Gaudreau wins face-off versus Ryan O'Reilly in Kings zone.
17:05 of 2nd period - Snap shot by Ilya Kovalchuk.
17:05 of 2nd period - Deflect By Ryan O'Reilly.
17:05 of 2nd period - Shot Misses the Net.
17:05 of 2nd period - Puck is out of play.
17:06 of 2nd period - Andrei Loktionov wins face-off versus Scott Gomez in Kings zone.
17:09 of 2nd period - Wrist shot by Evander Kane.
17:09 of 2nd period - Stopped by Frederik Andersen with a rebound.
17:14 of 2nd period - Off-side.
17:15 of 2nd period - Scott Gomez wins face-off versus Andrei Loktionov in neutral zone.
17:44 of 2nd period - Snap shot by Scott Gomez.
17:44 of 2nd period - Shot Misses the Net.
17:46 of 2nd period - Wrist shot by Dave Tanabe.
17:46 of 2nd period - Stopped by Jonas Hiller with a rebound.
17:48 of 2nd period - Wrist shot by Scott Gomez.
17:48 of 2nd period - Stopped by Jonas Hiller with a rebound.
17:50 of 2nd period - Snap shot by Steve Montador.
17:50 of 2nd period - Shot Misses the Net.
17:52 of 2nd period - Wrist shot by Steve Montador.
17:52 of 2nd period - Stopped by Jonas Hiller without a rebound.
17:53 of 2nd period - Anze Kopitar wins face-off versus Ryan O'Reilly in Sabres zone.
18:03 of 2nd period - Minor Penalty to Anze Kopitar for Hooking.
18:04 of 2nd period - Andrei Loktionov wins face-off versus Greg Campbell in Kings zone.
18:05 of 2nd period - Snap shot by Ilya Kovalchuk.
18:05 of 2nd period - Shot Misses the Net.
18:17 of 2nd period - Snap shot by Ilya Kovalchuk.
18:17 of 2nd period - Goal by Ilya Kovalchuk - Sabres : 4 - Kings : 3.
18:18 of 2nd period - Anze Kopitar wins face-off versus Ryan O'Reilly in neutral zone.
18:52 of 2nd period - Snap shot by Andrei Loktionov.
18:52 of 2nd period - Stopped by Frederik Andersen without a rebound.
18:53 of 2nd period - Evander Kane wins face-off versus Scott Gomez in Kings zone.
18:54 of 2nd period - Snap shot by Andrei Loktionov.
18:54 of 2nd period - Shot Blocked by Simon Gagné.
19:00 of 2nd period - Snap shot by Andrei Loktionov.
19:00 of 2nd period - Shot Misses the Net.
19:02 of 2nd period - Slapshot by Evander Kane.
19:02 of 2nd period - Shot Misses the Net.
19:04 of 2nd period - Slapshot by Jared Cowen.
19:04 of 2nd period - Stopped by Frederik Andersen without a rebound.
19:05 of 2nd period - Anze Kopitar wins face-off versus Ryan O'Reilly in Kings zone.
19:35 of 2nd period - Snap shot by Zack Kassian.
19:35 of 2nd period - Stopped by Frederik Andersen with a rebound.
19:37 of 2nd period - Wrist shot by Zack Kassian.
19:37 of 2nd period - Deflect By Andrei Loktionov.
19:37 of 2nd period - Goal by Andrei Loktionov - Sabres : 5 - Kings : 3.
19:37 of 2nd period - Dan Ellis enters game.
19:38 of 2nd period - Patric Hornqvist wins face-off versus Ryan O'Reilly in neutral zone.
Goals for this period are 2 for Sabres vs 1 for Kings.
Shots for this period are 12 for Sabres vs 17 for Kings.
3rd period
0:01 of 3rd period - Anze Kopitar wins face-off versus Andrei Loktionov in neutral zone.
0:04 of 3rd period - Andrei Loktionov is hit by Anze Kopitar.
0:08 of 3rd period - Zack Kassian is hit by Johnny Gaudreau and loses puck.
0:13 of 3rd period - Snap shot by Anze Kopitar.
0:13 of 3rd period - Deflect By Patric Hornqvist.
0:13 of 3rd period - Stopped by Jonas Hiller with a rebound.
0:15 of 3rd period - Snap shot by Patric Hornqvist.
0:15 of 3rd period - Shot Misses the Net.
0:17 of 3rd period - Wrist shot by Nathan Paetsch.
0:17 of 3rd period - Deflect By Patric Hornqvist.
0:17 of 3rd period - Stopped by Jonas Hiller without a rebound.
0:18 of 3rd period - Ryan O'Reilly wins face-off versus Scott Gomez in Sabres zone.
1:03 of 3rd period - Snap shot by Vincent Lecavalier.
1:03 of 3rd period - Deflect By Matt Martin.
1:03 of 3rd period - Shot Misses the Net.
1:03 of 3rd period - Puck is out of play.
1:04 of 3rd period - Vincent Lecavalier wins face-off versus Jean-Gabriel Pageau in Kings zone.
2:13 of 3rd period - Brad Richardson is hit by Greg Campbell and loses puck.
2:52 of 3rd period - Zach Bogosian is hit by Michael Grabner and loses puck.
3:04 of 3rd period - Icing by Dave Tanabe.
3:05 of 3rd period - Kyle Okposo wins face-off versus Scott Gomez in Kings zone.
3:55 of 3rd period - Snap shot by Evander Kane.
3:55 of 3rd period - Shot Blocked by Dave Tanabe.
4:18 of 3rd period - Rostislav Olesz is hit by Ilya Kovalchuk and loses puck.
4:41 of 3rd period - Wrist shot by Scottie Upshall.
4:41 of 3rd period - Deflect By Vincent Lecavalier.
4:41 of 3rd period - Stopped by Dan Ellis without a rebound.
4:42 of 3rd period - Vincent Lecavalier wins face-off versus Anze Kopitar in Kings zone.
4:47 of 3rd period - Wrist shot by Vincent Lecavalier.
4:47 of 3rd period - Shot Misses the Net.
5:11 of 3rd period - Minor Penalty to Michael Haley for Tripping.
5:12 of 3rd period - Greg Campbell wins face-off versus Ilya Kovalchuk in Kings zone.
5:37 of 3rd period - Greg Campbell is hit by Vincent Lecavalier and loses puck.
6:47 of 3rd period - Michael Kostka is hit by Steve Montador.
7:11 of 3rd period - Penalty to Michael Haley is over, Michael Haley is back on ice.
8:00 of 3rd period - Brad Richardson is hit by Johnny Gaudreau and loses puck.
9:07 of 3rd period - Ryan O'Reilly is hit by Boris Valabik and loses puck.
9:32 of 3rd period - Michael Grabner is hit by Vincent Lecavalier and loses puck.
10:15 of 3rd period - Snap shot by Andrei Loktionov.
10:15 of 3rd period - Stopped by Dan Ellis without a rebound.
10:16 of 3rd period - Andrei Loktionov wins face-off versus Greg Campbell in Kings zone.
10:29 of 3rd period - Wrist shot by Evander Kane.
10:29 of 3rd period - Shot Blocked by Drew Doughty.
10:39 of 3rd period - Boris Valabik is hit by Ilya Kovalchuk and loses puck.
11:06 of 3rd period - Rostislav Olesz is hit by Jakub Kindl and loses puck.
11:16 of 3rd period - Icing by Darcy Hordichuk.
11:17 of 3rd period - Vincent Lecavalier wins face-off versus Scott Gomez in Sabres zone.
11:24 of 3rd period - Snap shot by Vincent Lecavalier.
11:24 of 3rd period - Stopped by Dan Ellis with a rebound.
12:12 of 3rd period - Snap shot by Evander Kane.
12:12 of 3rd period - Shot Misses the Net.
12:51 of 3rd period - Off-side.
12:52 of 3rd period - Anze Kopitar wins face-off versus Ryan O'Reilly in neutral zone.
13:13 of 3rd period - Minor Penalty to Ryan O'Reilly for Interference.
13:14 of 3rd period - Anze Kopitar wins face-off versus Brandon Sutter in Sabres zone.
13:15 of 3rd period - Slapshot by Drew Doughty.
13:15 of 3rd period - Goal by Drew Doughty - Sabres : 5 - Kings : 4.
13:16 of 3rd period - Andrei Loktionov wins face-off versus Anze Kopitar in neutral zone.
13:18 of 3rd period - Zack Kassian is hit by Anze Kopitar and loses puck.
13:45 of 3rd period - Minor Penalty to Rob Scuderi for Roughing.
13:46 of 3rd period - Brandon Sutter wins face-off versus Anze Kopitar in Sabres zone.
14:13 of 3rd period - Ilya Kovalchuk is hit by Jean-Gabriel Pageau and loses puck.
14:20 of 3rd period - Snap shot by Rostislav Olesz.
14:20 of 3rd period - Stopped by Jonas Hiller without a rebound.
14:21 of 3rd period - Johnny Gaudreau wins face-off versus Brandon Sutter in Sabres zone.
14:30 of 3rd period - Snap shot by Anze Kopitar.
14:30 of 3rd period - Shot Blocked by Ilya Kovalchuk.
14:42 of 3rd period - Drew Doughty is hit by Michael Kostka.
14:55 of 3rd period - Ilya Kovalchuk is hit by Drew Doughty and loses puck.
15:08 of 3rd period - Jakub Kindl is hit by Rostislav Olesz and loses puck.
15:43 of 3rd period - Wrist shot by Rostislav Olesz.
15:43 of 3rd period - Shot Misses the Net.
15:45 of 3rd period - Penalty to Rob Scuderi is over, Rob Scuderi is back on ice.
16:10 of 3rd period - Snap shot by Rostislav Olesz.
16:10 of 3rd period - Stopped by Jonas Hiller with a rebound.
16:32 of 3rd period - Wrist shot by Matt Martin.
16:32 of 3rd period - Shot Misses the Net.
16:34 of 3rd period - Snap shot by Rob Scuderi.
16:34 of 3rd period - Shot Misses the Net.
16:40 of 3rd period - Snap shot by Rob Scuderi.
16:40 of 3rd period - Shot Misses the Net.
16:42 of 3rd period - Snap shot by Rob Scuderi.
16:42 of 3rd period - Shot Blocked by Jean-Gabriel Pageau.
16:44 of 3rd period - Slapshot by Matt Martin.
16:44 of 3rd period - Stopped by Dan Ellis with a rebound.
16:46 of 3rd period - Backhand shot by Jared Cowen.
16:46 of 3rd period - Stopped by Dan Ellis with a rebound.
16:48 of 3rd period - Wrist shot by Evander Kane.
16:48 of 3rd period - Deflect By Rob Scuderi.
16:48 of 3rd period - Shot Blocked by Michael Grabner.
16:48 of 3rd period - Puck is out of play.
16:49 of 3rd period - Ilya Kovalchuk wins face-off versus Anze Kopitar in Kings zone.
17:14 of 3rd period - Jordan Leopold is hit by Michael Haley and loses puck.
17:21 of 3rd period - Dave Tanabe is hit by Darcy Hordichuk and loses puck.
18:40 of 3rd period - Snap shot by Darcy Hordichuk.
18:40 of 3rd period - Deflect By Scott Gomez.
18:40 of 3rd period - Stopped by Dan Ellis without a rebound.
18:41 of 3rd period - Brandon Sutter wins face-off versus Anze Kopitar in Kings zone.
18:42 of 3rd period - Snap shot by Zach Bogosian.
18:42 of 3rd period - Shot Blocked by Dave Tanabe.
18:44 of 3rd period - Minor Penalty to Steve Montador for Holding.
18:45 of 3rd period - Greg Campbell wins face-off versus Andrei Loktionov in Kings zone.
19:18 of 3rd period - Snap shot by Vincent Lecavalier.
19:18 of 3rd period - Stopped by Dan Ellis with a rebound.
19:20 of 3rd period - Snap shot by Vincent Lecavalier.
19:20 of 3rd period - Deflect By Simon Gagné.
19:20 of 3rd period - Shot Misses the Net.
19:20 of 3rd period - Puck is out of play.
19:21 of 3rd period - Paul Maurice call a timeout for Kings.
19:21 of 3rd period - Andrei Loktionov wins face-off versus Scott Gomez in Kings zone.
Goals for this period are 0 for Sabres vs 1 for Kings.
Shots for this period are 7 for Sabres vs 5 for Kings.
Back to the Top